 Dungeon Crawl Stone Soup version 0.22.1-1-ga44c0e56f4 (webtiles) character file.

842 OdinFK the Stinger (level 8, 0/56 HPs)
             Began as a Formicid Venom Mage on Oct 6, 2018.
             Was a Believer of Vehumet.
             Slain by a centaur (8 damage)
             ... on level 5 of the Dungeon.
             The game lasted 00:26:08 (4070 turns).

OdinFK the Stinger (Formicid Venom Mage)            Turns: 4070, Time: 00:26:09

Health: 0/56       AC:  2    Str: 13    XL:     8   Next: 20%
Magic:  7/16       EV: 12    Int: 17    God:    Vehumet [**....]
Gold:   253        SH:  0    Dex: 11    Spells: 12/18 levels left

rFire    + . .     SeeInvis +   h - +2 dagger (venom)
rCold    + . .     Gourm    .   (no shield)
rNeg     . . .     Faith    +   p - +0 robe {MR+}
rPois    .         Spirit   .   (helmet unavailable)
rElec    .         Reflect  .   (no cloak)
rCorr    .         Harm     .   (no gloves)
MR       +....                  (no boots)
Stlth    ++........             o - amulet of faith
HPRegen  0.18/turn              k - ring of protection from cold
MPRegen  0.15/turn              l - ring of protection from fire

@: very slightly contaminated, invisible
A: permanent stasis, dig shafts and tunnels, four strong arms, antennae 3
a: Dig, Shaft Self, Renounce Religion


You were on level 5 of the Dungeon.
You worshipped Vehumet.
Vehumet was pleased with you.
You were not hungry.

You visited 1 branch of the dungeon, and saw 5 of its levels.
You also visited: Sewer.

You collected 253 gold pieces.

Inventory:

Hand Weapons
 h - a +2 dagger of venom (weapon)
Armour
 p - a +0 robe of magic resistance (worn)
Jewellery
 k - a ring of protection from cold (left hand)
 l - a ring of protection from fire (right hand)
 o - an amulet of faith (around neck)
 u - an uncursed amulet of regeneration {unknown}
Wands
 m - a wand of paralysis (9)
 y - a wand of acid (11)
 z - a wand of polymorph (16)
Scrolls
 b - a scroll of immolation {unknown}
 e - a scroll of blinking {unknown}
 f - 5 scrolls of remove curse
 j - 2 scrolls of identify
 n - 2 scrolls of noise {unknown}
 r - 2 scrolls of amnesia {unknown}
 w - 2 scrolls of magic mapping {unknown}
 A - a scroll of fear {unknown}
 C - a scroll of enchant armour {unknown}
Potions
 a - 2 potions of might
 d - 2 potions of ambrosia {unknown}
 i - 2 potions of flight {unknown}
 q - 2 potions of degeneration {unknown}
 s - a potion of heal wounds {unknown}
 t - 2 potions of magic
 v - 2 potions of brilliance {unknown}
 x - a potion of berserk rage {unknown}
 B - a potion of lignification {unknown}
Comestibles
 c - 9 rations
 D - 2 chunks of flesh


   Skills:
 + Level 2.0 Fighting
 + Level 1.1 Short Blades
 + Level 2.2 Dodging
 + Level 2.8 Stealth
 + Level 5.9 Spellcasting
 + Level 1.0 Conjurations
 + Level 3.0 Air Magic
 + Level 6.7 Poison Magic
 + Level 0.3 Evocations


You had 12 spell levels left.
You knew the following spells:

 Your Spells              Type           Power        Failure   Level  Hunger
a - Sting                 Conj/Pois      ###.         2%          1    None
b - Poisonous Vapours     Pois/Air       ###...       2%          2    None
c - Shock                 Conj/Air       ##..         5%          1    None
d - Throw Frost           Conj/Ice       #.....       16%         2    None

Your spell library contained the following spells:

 Spells                   Type           Power        Failure   Level  Hunger
 Mephitic Cloud           Conj/Pois/Air  ###.....     9%          3    ##.....
 Olgreb's Toxic Radiance  Pois           ####....     9%          4    ####...
 Venom Bolt               Conj/Pois      ###.......   58%         5    #####..


Dungeon Overview and Level Annotations

Branches:
Dungeon (5/15)
 Temple: D:4-7

Altars:
Ashenzari
Fedhas
Gozag
Kikubaaqudgha
Nemelex Xobeh
Qazlal
Trog
Vehumet
Xom
Zin

Shops:
D:4 *

Annotations:
D:2 1 runed door


Innate Abilities, Weirdness & Mutations

You cannot be hasted, slowed, berserked, paralysed or teleported.
You can dig through walls and to a lower floor.
Your four strong arms can wield two-handed weapons with a shield.
You have a pair of large antennae on your head. (SInv)


Message History

The centaur is engulfed in poison gas.
The centaur looks even sicker.
The centaur shoots an arrow.
The arrow hits you!
Casting: Poisonous Vapours (safe; 2% risk of failure)
Confirm with . or Enter, or press ? or * to list all spells.
Aiming: Poisonous Vapours (safe; 2% risk of failure)
Press: ? - help, Dir - move target cursor, f/p - centaur
Aim: a centaur, wielding a shortbow (heavily wounded, poisoned) Poisonous vapours surround the centaur!
The centaur shoots an arrow.
The arrow hits you!
The centaur is engulfed in poison gas.
The centaur looks even sicker.
The centaur shoots an arrow.
The arrow hits you!
* * * LOW HITPOINT WARNING * * *
You fade into invisibility!
You kill the centaur!
Vehumet accepts your kill.
Your Fighting skill increases to level 2!
Your Air Magic skill increases to level 3!
You are very lightly contaminated with residual magic.
The centaur unwields an uncursed shortbow.
The centaur hits you!
You die...

....# ....# ..r.###
....... .......
.......
############)......
###......@cr((......[
#...###########......
#######.#.#### .....
#............# ###+
#.##########.#
##.#....... #.#
#..'.......h#.#
#..#......) #.#
#..#.......h#.#


You could see a centaur and a quokka.

Vanquished Creatures
  A centaur (D:5)
  A crocodile (Sewer)
  A scorpion (D:5)
  A howler monkey (D:4)
  A crimson imp (D:5)
  A hound (D:4)
  2 orc wizards (D:3)
  3 orc priests
  Ijyb (D:3)
  Natasha (thrice) (D:2)
  4 worker ants
  A hound zombie (D:5)
  Robin (D:4)
  6 adders
  2 oozes
  7 worms
  3 leopard geckos
  7 orcs
  8 bats
  6 giant cockroaches
  11 goblins
  15 hobgoblins
  8 jackals
  A ball python (D:4)
  2 frilled lizards
  4 kobolds
  A quokka zombie (D:5)
  8 rats
110 creatures vanquished.

Vanquished Creatures (others)
  A fungus (D:4)
1 creature vanquished.

Grand Total: 111 creatures vanquished

Notes
Turn   | Place    | Note
-------+----------+-------------------------------------------
     0 | D:1      | OdinFK the Formicid Venom Mage began the quest for the Orb.
     0 | D:1      | Reached XP level 1. HP: 13/13 MP: 3/3
   121 | D:1      | Reached XP level 2. HP: 18/19 MP: 0/5
   125 | D:1      | Learned a level 2 spell: Poisonous Vapours
   436 | D:1      | Reached skill level 1 in Conjurations
   442 | D:1      | Reached XP level 3. HP: 24/24 MP: 2/6
  1147 | D:2      | Reached skill level 5 in Poison Magic
  1224 | D:2      | Found a bloodstained altar of Trog.
  1416 | D:2      | Found an ancient bone altar of Kikubaaqudgha.
  1418 | D:2      | Found a radiant altar of Vehumet.
  1426 | D:2      | Became a worshipper of Vehumet
  1624 | D:2      | Noticed Natasha
  1630 | D:2      | Killed Natasha
  1630 | D:2      | Reached skill level 1 in Air Magic
  1630 | D:2      | Reached XP level 4. HP: 30/30 MP: 3/8
  1684 | D:2      | Found a runed door.
  1748 | D:2      | Noticed Natasha
  1754 | D:2      | Killed Natasha
  1754 | D:2      | Reached XP level 5. HP: 26/35 MP: 4/9
  1798 | D:2      | Noticed Natasha
  1803 | D:2      | Killed Natasha
  2006 | D:3      | Noticed an angel
  2006 | D:3      | Noticed Ijyb
  2015 | D:3      | Killed Ijyb
  2030 | D:3      | Found a shimmering altar of Xom.
  2030 | D:3      | Found a glowing silver altar of Zin.
  2108 | D:3      | Reached XP level 6. HP: 39/42 MP: 1/11
  2453 | D:3      | Reached skill level 1 in Fighting
  2735 | D:3      | Found a sparkling altar of Nemelex Xobeh.
  2956 | D:4      | Noticed a phantom
  2957 | D:4      | Reached * piety under Vehumet
  2957 | D:4      | Offered knowledge of Shock by Vehumet.
  2962 | D:3      | Learned a level 1 spell: Shock
  3001 | D:4      | Reached XP level 7. HP: 48/48 MP: 3/14
  3082 | D:4      | Noticed Robin
  3098 | D:4      | Killed Robin
  3153 | D:4      | Reached skill level 6 in Poison Magic
  3175 | D:4      | Reached skill level 5 in Spellcasting
  3207 | D:4      | Found an opulent altar of Gozag.
  3219 | D:4      | Found Gozag's Platinum Reserve.
  3244 | D:4      | Found a shattered altar of Ashenzari.
  3270 | D:4      | Reached ** piety under Vehumet
  3310 | D:4      | Found a glowing drain.
  3323 | D:4      | Offered knowledge of Sandblast by Vehumet.
  3360 | Sewer    | Entered a sewer
  3546 | D:4      | Found a stormy altar of Qazlal.
  3616 | D:4      | Found a blossoming altar of Fedhas.
  3765 | D:5      | Entered Level 5 of the Dungeon
  3982 | D:5      | Offered knowledge of Throw Frost by Vehumet.
  3991 | D:5      | Learned a level 2 spell: Throw Frost
  4013 | D:5      | Reached XP level 8. HP: 56/56 MP: 6/16
  4032 | D:5      | Reached skill level 1 in Short Blades
  4070 | D:5      | Slain by a centaur

Skill      XL: |  1  2  3  4  5  6  7  8 |
---------------+-------------------------+-----
Conjurations   | 1 |  1.0
Poison Magic   | 5 6 |  6.7
Spellcasting   | 3 4 5 |  5.9
Air Magic      | 1 2 3 |  3.0
Fighting       | 1 2 |  2.0
Dodging        | 2 |  2.2
Short Blades   | 1 |  1.1
Stealth        | |  2.8
Evocations     | |  0.3

Action                   |  1- 3 |  4- 6 |  7- 9 || total
-------------------------+-------+-------+-------++-------
Melee: Whip              |     2 |       |       ||     2
       Dagger            |    10 |    15 |    54 ||    79
 Cast: Sting             |     9 |       |       ||     9
       Poisonous Vapours |    28 |    41 |    48 ||   117
       Shock             |       |       |    10 ||    10
Evoke: Wand              |       |       |     5 ||     5
  Use: Scroll            |     3 |       |     2 ||     5
       Potion            |       |       |     1 ||     1
  Eat: Chunk             |     3 |     7 |     4 ||    14
Armor: Robe              |     3 |     3 |    10 ||    16
Dodge: Dodged            |    10 |     8 |    40 ||    58
